 Dungeon Crawl Stone Soup version 0.31.0-32-g396128a36d (webtiles) character file.

Game seed: 9149008101316299665

356447 Tovical the Warrior (level 22, -5/152 HPs)
             Began as a Gargoyle Fighter on Mar 14, 2024.
             Was a High Priest of Zin.
             Shot with an arrow by a deep elf master archer (9 damage)
             ... created by the fury of Okawaru
             ... on level 3 of the Depths on Mar 15, 2024.
             The game lasted 04:04:18 (47339 turns).

Tovical the Warrior (Gargoyle Fighter)             Turns: 47339, Time: 04:04:18

Health: -5/152     AC: 62    Str: 31    XL:     22   Next: 34%
Magic:  34/35      EV: 12    Int: 24    God:    Zin [*****.]
Gold:   1690       SH: 16    Dex: 18    Spells: 24/39 levels left

rFire   . . .        p - +10 morningstar of Floods {heavy, rC+ Int+3 Dex+4}
rCold   + + .        Q - +2 kite shield {reflect}
rNeg    + + .        a - +14 plate armour "Gataet" {+Inv}
rPois   ∞            I - +2 helmet
rElec   +            o - +2 cloak {rCorr}
rCorr   +            Y - +2 pair of gloves {hurl}
SInv    +            D - +2 pair of boots {Stlth+}
Will    +....        P - amulet of regeneration Stlth
                     w - ring of see invisible
HPRegen 1.25/turn    t - ring of Iloacyam {rC+ rN+ Str+2 Slay+3}
MPRegen 0.24/turn

%: reflection
@: mighty, vitalised, flying, studying 2 skills
A: sickness immunity, AC +16, big wings, negative energy resistance 1,
electricity resistance, torment resistance 1, petrification resistance
}: 2/15 runes: decaying, gossamer
a: Renounce Religion, Evoke Invisibility, Recite, Vitalisation, Imprison,
Sanctuary, Donate Gold


You were on level 3 of the Depths.
You worshipped Zin.
Zin was extremely pleased with you.
You visited 8 branches of the dungeon, and saw 38 of its levels.
You visited the Abyss 1 time.
You also visited: Trove and Ice Cave.

You collected 5203 gold pieces.
You spent 2066 gold pieces at shops.
You donated 1447 gold pieces to Zin.

Inventory:

Hand Weapons
 l - a +2 eveningstar of holy wrath
 p - the +10 morningstar of Floods (weapon) {heavy, rC+ Int+3 Dex+4}
   (You bought it in a shop on level 1 of the Orcish Mines)

   Int+3:     It affects your intelligence (+3).
   Dex+4:     It affects your dexterity (+4).
   rC+:       It protects you from cold.
 C - a +2 antimagic mace
 E - a +9 dire flail of holy wrath
 O - a +6 great mace
Missiles
 b - 15 javelins
 g - 5 datura-tipped darts
 q - 6 silver javelins
 u - 19 atropa-tipped darts (quivered)
 A - 23 curare-tipped darts
 R - a throwing net
Armour
 a - the +14 plate armour "Gataet" (worn) {+Inv}
   (Okawaru gifted it to you on level 5 of the Lair of Beasts)

   +Inv:      It lets you turn invisible.
 o - a +2 cloak of preservation (worn)
 D - a +2 pair of boots of stealth (worn)
 H - a +2 plate armour of fire resistance
 I - a +2 helmet (worn)
 Q - a +2 kite shield of reflection (worn)
 V - a scarf of resistance
 Y - a +2 pair of gloves of hurling (worn)
Jewellery
 t - the ring of Iloacyam (right hand) {rC+ rN+ Str+2 Slay+3}
   (You took it off a deep elf blademaster on level 3 of the Elven Halls)

   [ring of protection from cold]

   Str+2:     It affects your strength (+2).
   Slay+3:    It affects your accuracy & damage with ranged weapons and melee
   (+3).
   rC+:       It protects you from cold.
   rN+:       It protects you from negative energy.
 w - a ring of see invisible (left hand)
 B - a ring of ice
 G - a ring of positive energy
 P - an amulet of regeneration (around neck)
 T - the ring of the Hare {EV+10}
   (You found it on level 2 of the Spider Nest)

   [ring of evasion]

   EV+10:     It affects your evasion (+10).
Wands
 c - a wand of mindburst (53)
 f - a wand of light (21)
 j - a wand of digging (11)
 s - a wand of charming (6)
 J - a wand of roots (33)
Scrolls
 e - 17 scrolls of teleportation
 m - 2 scrolls of poison
 r - 9 scrolls of fog
 y - 4 scrolls of blinking
 F - 5 scrolls of amnesia
 K - 6 scrolls of fear
 N - 4 scrolls of revelation
 S - 10 scrolls of identify
Potions
 d - 4 potions of might
 h - 16 potions of curing
 k - 3 potions of attraction
 n - 5 potions of mutation
 v - 14 potions of brilliance
 x - 7 potions of enlightenment
 z - 2 potions of resistance
 U - a potion of invisibility
 W - 5 potions of ambrosia
 X - a potion of magic


   Skills:
 - Level 20.0 Fighting
 - Level 20.0 Maces & Flails
 - Level 15.0 Armour
 - Level 8.3 Dodging
 - Level 15.0 Shields
 + Level 9.3 Spellcasting
 + Level 15.1 Conjurations
 + Level 11.9 Earth Magic
 + Level 15.8 Invocations


You had 24 spell levels left.
You knew the following spells:

 Your Spells              Type           Power      Damage    Failure   Level
a - Passwall              Erth           62%        N/A       1%          3
b - Stone Arrow           Conj/Erth      100%       3d13      1%          3
c - Brom's Barrelling Bo  Conj/Erth      66%        2d8       1%          4
d - Lee's Rapid Deconstr  Erth           31%        3d16*     9%          5

Your spell library contained the following spells:

 Spells                   Type           Power      Damage    Failure   Level
 Foxfire                  Conj/Fire      100%       2x1d9     1%          1
 Kiss of Death            Conj/Necr      100%       2d13      1%          1
 Magic Dart               Conj           100%       1d8       1%          1
 Sandblast                Erth           100%       2d20      1%          1
 Sting                    Conj/Alch      100%       1d9       1%          1
 Searing Ray              Conj           100%       2d8       1%          2
 Hailstorm                Conj/Ice       47%        3d10      5%          3
 Flame Wave               Conj/Fire      47%        2d12      19%         4
 Fulminant Prism          Conj/Alch      23%        3d12      19%         4
 Iskenderun's Mystic Bla  Conj/Tloc      47%        2d10      19%         4
 Bombard                  Conj/Erth      33%        9d6       24%         6
 Animate Armour           Summ/Erth      78%        N/A       34%         4
 Leda's Liquefaction      Alch/Erth      19%        N/A       34%         4
 Petrify                  Alch/Erth      39%        N/A       34%         4
 Apportation              Tloc           22%        N/A       36%         1
 Freeze                   Ice            44%        1d6       36%         1
 Necrotise                Necr           44%        1d6       36%         1
 Slow                     Hex            44%        N/A       36%         1
 Summon Small Mammal      Summ           44%        N/A       36%         1
 Arcjolt                  Conj/Air       23%        1d33      45%         5
 Irradiate                Conj/Alch      23%        3d19      45%         5
 Ensorcelled Hibernation  Hex/Ice        22%        N/A       52%         2
 Jinxbite                 Hex            22%        N/A       52%         2
 Orb of Destruction       Conj           35%        9d10      56%         7
 Confusing Touch          Hex            11%        N/A       75%         3
 Frozen Ramparts          Ice            22%        1d4       75%         3
 Fugue of the Fallen      Necr           11%        N/A       75%         3
 Inner Flame              Hex/Fire       11%        N/A       75%         3
 Ozocubu's Armour         Ice            11%        N/A       75%         3
 Sigil of Binding         Hex            11%        N/A       75%         3
 Swiftness                Air            11%        N/A       75%         3
 Tukima's Dance           Hex            11%        N/A       75%         3
 Vampiric Draining        Necr           11%        2d6       75%         3
 Conjure Ball Lightning   Conj/Air       23%        3x3d6     95%         6
 Anguish                  Hex/Necr       5%         N/A       98%         4
 Cause Fear               Hex            5%         N/A       98%         4
 Dispel Undead            Necr           11%        3d9       98%         4
 Ignite Poison            Fire/Alch      11%        N/A       98%         4
 Manifold Assault         Tloc           11%        N/A       98%         4
 Martyr's Knell           Necr/Summ      11%        N/A       98%         4
 Passage of Golubria      Tloc           11%        N/A       98%         4
 Sticky Flame             Fire/Alch      11%        2d5       98%         4
 Summon Blazeheart Golem  Fire/Summ      11%        N/A       98%         4
 Summon Lightning Spire   Summ/Air       11%        N/A       98%         4
 Alistair's Intoxication  Alch           7%         N/A       100%        5
 Curse of Agony           Necr           11%        N/A       100%        5
 Metabolic Englaciation   Hex/Ice        5%         N/A       100%        5
 Summon Forest            Summ/Tloc      5%         N/A       100%        5
 Yara's Violent Unravell  Hex/Alch       5%         3d4       100%        5
 Death Channel            Necr           5%         N/A       100%        6
 Eringya's Noxious Bog    Alch           5%         4d6       100%        6
 Summon Cactus Giant      Summ           5%         N/A       100%        6
 Enfeeble                 Hex            5%         N/A       100%        7
 Spellforged Servitor     Conj/Summ      23%        N/A       100%        7
 Summon Hydra             Summ           5%         N/A       100%        7
 Discord                  Hex            5%         N/A       100%        8
 Disjunction              Tloc           5%         N/A       100%        8
 Ignition                 Fire           5%         3d4       100%        8
 Cigotuvi's Dreadful Rot  Necr/Alch/Air  Unusable   N/A       N/A         2
 Sublimation of Blood     Necr           Unusable   N/A       N/A         2

Dungeon Overview and Level Annotations

Branches:
Dungeon (15/15)            Temple (1/1) D:7            Lair (5/5) D:9
  Swamp (4/4) Lair:2       Spider (4/4) Lair:2        Slime (0/5) Lair:4
    Orc (2/2) D:9             Elf (3/3) Orc:2        Vaults (0/5) D:14
 Depths (4/4) D:15          IceCv (visited)
    Zot: Depths:4

Altars:
Ashenzari
Cheibriados
Dithmenos
Elyvilon
Fedhas
Gozag
Hepliaklqana
Kikubaaqudgha
Makhleb
Nemelex Xobeh
Okawaru
Qazlal
Ru
Sif Muna
Trog
Uskayaw
Vehumet
Wu Jian
Xom
Yredelemnul
Zin
The Shining One
Jiyva

Shops:
D:2 ?   Orc:1 (   Orc:2 ([*   Elf:3 ?   Depths:1 :

Portals:
Hell: Depths:1 Depths:2 Depths:3
Abyss: Depths:1 Depths:3
Pandemonium: Depths:3

Annotations:
Lair:4 exclusion: oklob plant
Swamp:1 Roxanne


Innate Abilities, Weirdness & Mutations

You are immune to sickness and miasma.
Your stone body is resilient. (AC +16)
You are immune to poison.
Your large and strong wings let you fly.
You resist negative energy. (rN+)
You are resistant to electric shocks. (rElec)
You are resistant to unholy torment.
You are immune to petrification.


Message History

You block the frost giant's attack.
The fire giant hits you with a +1 great sword of flaming!
The fire giant burns you.
The deep elf master archer shoots an arrow.
The arrow barely misses you.
The arrow hits the fire giant!!!
You perforate the fire giant like a sieve!!!
The fire giant is severely wounded.
The deep elf master archer shoots an arrow.
The arrow hits you!!
The frost giant points at you and mumbles some strange words.
The bolt of cold hits you! You resist.
* * * LOW HITPOINT WARNING * * *
The fire giant hits you but does no damage.
The deep elf master archer shoots an arrow.
The arrow hits you!!
* * * LOW HITPOINT WARNING * * *
Blink to where?
Press: ? - help, Dir - move target
As you read the scroll of blinking, it crumbles to dust.
The deep elf master archer shoots an arrow.
The arrow hits you but does no damage.
The deep elf master archer wields a +0 longbow of freezing.
It is covered in frost.
The deep elf master archer shoots an arrow.
You block the arrow with your +2 kite shield of reflection... and reflect it back!
The arrow hits the deep elf master archer!!!
The arrow freezes the deep elf master archer!
The deep elf master archer shoots an arrow.
You block the arrow with your +2 kite shield of reflection... and reflect it back!
The arrow hits the deep elf master archer!
The deep elf master archer shoots an arrow.
The arrow closely misses you.
The deep elf master archer shoots an arrow.
The arrow barely misses you.
The deep elf master archer shoots an arrow.
You block the arrow with your +2 kite shield of reflection... and reflect it back!
The arrow hits the deep elf master archer!!
The deep elf master archer shoots an arrow.
The arrow hits you!
You die...

##### ####...#
.i.#...#..##
...##.##...##
≈S..#.##@...#
......##≈...#..#....#
......[#≈...#.......##
......) ≈i..#........#
......##≈...#>.......##
....###≈≈...#..#..#...#
'''##≈≈≈...##..#..##..#
...#⌠≈....##ee.#..#####
....†....##CC###..###


You could see 2 deep elf master archers.

Vanquished Creatures
  2 juggernauts
  the Lernaean hydra (Swamp:4)
  Saint Roka (Elf:3)
  A caustic shrike (Depths:3)
  Arachne (Arena)
  A bone dragon (Abyss:3)
  Jorgrun (D:12)
  3 deep elf blademasters
  A lich (Depths:2)
  A titan (D:15)
  4 deep elf master archers
  2 sphinxes (Elf:1)
  3 tentacled starspawn (Abyss:3)
  Frances (Swamp:1)
  A thorn hunter (Swamp:3)
  Aizul (Elf:1)
  Kirke (Spider:1)
  2 storm dragons (Depths:3)
  2 tengu reavers
  An azure jelly (Swamp:4)
  8 fire giants
  8 emperor scorpions
  7 frost giants
  2 deep elf sorcerers
  4 ghost moths
  A ghoul (Swamp:1)
  A balrug (Depths:1)
  5 deep elf elementalists (Elf:3)
  12 very ugly things
  2 spriggan defenders
  3 orc warlords
  A quicksilver ooze (Lair:4)
  A cacodemon (Depths:3)
  12 stone giants
  A vampire knight (Depths:3)
  7 deep elf death magi (Elf:3)
  12 deep elf annihilators (Elf:3)
  Nessos (Lair:3)
  5 deep elf demonologists
  5 eleionomae
  2 dire elephants
  A white draconian (Depths:2)
  A starcursed mass (Abyss:3)
  2 black draconians (Depths:2)
  2 bunyips (Swamp:2)
  A red draconian (Depths:2)
  Azrael (Arena)
  A merfolk javelineer (Depths:1)
  2 spark wasps
  A green death (Abyss:3)
  5 ettins
  2 merfolk impalers (Depths:2)
  7 fire dragons
  Snorg (D:14)
  6 entropy weavers
  6 ice dragons
  A caustic shrike simulacrum (IceCv)
  The ghost of Maina the Basher, a journeyman GrFi of Okawaru (D:12)
  24 hydras
  5 ogre magi
  4 rakshasas
  6 spriggan air magi
  A hell beast (Elf:1)
  6 centaur warriors
  The ghost of kftrendy the Slicer, a journeyman VSBe of Trog (Orc:1)
  2 catoblepae
  4 ghost crabs
  11 alligators
  25 two-headed ogres
  16 boulder beetles
  29 dancing weapons
  3 radroaches
  2 deep troll earth magi
  4 tengu warriors
  11 demonic crawlers
  A hell hog (Lair:5)
  3 spriggan berserkers
  A vampire mage (Depths:2)
  6 death yaks
  An orc high priest (Orc:1)
  Sonja (Lair:2)
  An occultist (D:15)
  22 deep elf knights
  3 wretched stars (Abyss:3)
  2 sun demons (Depths:1)
  2 skysharks
  8 spriggans
  A salamander mystic (D:15)
  A sixfirhy (Abyss:3)
  16 pharaoh ants
  A skeletal warrior (D:14)
  3 goliath frogs
  7 orb spiders
  2 spriggan druids (Lair:2)
  3 bog bodies (Swamp:1)
  An obsidian statue (Orc:1)
  2 deep trolls (Depths:1)
  2 sun moths
  3 arcanists
  14 swamp dragons
  14 deep elf archers
  The ghost of tymior the Covert, a novice KoEn of Ashenzari (D:8)
  An orange crystal statue (IceCv)
  2 lindwurms (Lair:5)
  6 steelbarb worms
  4 harpies
  2 orc knights
  A steelbarb worm (shapeshifter) (Depths:3)
  4 cyclopes
  27 deep elf pyromancers
  38 deep elf zephyrmancers
  8 large abominations
  27 ugly things
  15 wolf spiders
  5 orc sorcerers
  2 will-o-the-wisps
  10 manticores
  A salamander (Depths:2)
  A worldbinder (Abyss:3)
  3 moths of wrath
  10 meliai
  17 elephants
  2 kobold blastminers (Orc:1)
  A guardian serpent (shapeshifter) (D:15)
  11 torpor snails
  An ice statue (D:14)
  2 smoke demons (Abyss:3)
  2 water nymphs (Swamp:4)
  3 black mambas
  An orange demon (Abyss:3)
  4 centaur skeletons (D:14)
  10 cane toads
  9 unseen horrors
  A rime drake (Lair:2)
  10 komodo dragons
  A rime drake (shapeshifter) (D:11)
  4 tengu conjurers
  An efreet (D:13)
  A kobold demonologist (D:13)
  A komodo dragon (shapeshifter) (D:13)
  4 freezing wraiths
  An ancient zyme (Abyss:3)
  2 golden dragon simulacra (IceCv)
  2 harpy zombies (Abyss:3)
  10 trolls
  A wolf spider simulacrum (D:14)
  9 polar bears (Lair:5)
  17 hornets
  An alligator simulacrum (IceCv)
  17 blink frogs
  21 tarantellas
  A blink frog (shapeshifter) (Abyss:3)
  13 tyrant leeches
  6 dream sheep (Lair:5)
  13 raiju
  3 glass eyes (Depths:3)
  15 slime creatures
  26 jumping spiders
  3 shadows
  A ynoxinul (Abyss:3)
  5 wyverns
  3 air elementals
  9 basilisks
  A dire elephant simulacrum (IceCv)
  4 wraiths
  17 culicivoras
  7 fire elementals
  6 water elementals
  3 hogs (Spider:1)
  3 steam dragons
  74 yaks
  3 humans (Spider:1)
  A human (shapeshifter) (D:13)
  21 wargs
  3 chaos spawn
  51 redbacks
  15 vampire mosquitoes
  3 neqoxecs (Abyss:3)
  14 swamp worms
  2 harpy simulacra (IceCv)
  10 water moccasins
  3 acid dragons
  20 hell hounds
  A hydra simulacrum (Depths:2)
  15 black bears
  5 swamp drakes
  2 ice beasts
  A laughing skull (D:13)
  36 orc warriors
  15 ogres
  21 wolves
  13 centaurs
  2 boggarts
  A phantom (D:3)
  Blork the orc (D:6)
  A brain worm (Abyss:3)
  3 earth elementals
  7 kobold brigands
  23 bullfrogs
  3 gnoll sergeants
  2 necrophages (Swamp:1)
  8 scorpions
  5 small abominations
  17 wights
  3 killer bees (D:9)
  A lindwurm simulacrum (IceCv)
  9 howler monkeys
  A bombardier beetle (D:5)
  10 jellies
  A quasit (Abyss:3)
  2 hounds
  16 orc priests
  Jessica (D:2)
  5 iguanas
  A sleepcap (D:4)
  33 orc wizards
  14 gnolls
  7 adders
  A shadow imp (D:6)
  7 white imps
  4 ufetubi
  4 dart slugs
  2 ribbon worms
  107 orcs
  10 ball pythons
  6 endoplasms
  2 giant cockroaches
  7 goblins
  6 hobgoblins
  2 jackals (D:3)
  9 kobolds
  3 quokkas
  6 bats
  5 frilled lizards
  4 rats
1612 creatures vanquished.

Vanquished Creatures (others)
  A fire giant (Depths:2)
  A deep elf zephyrmancer (Elf:2)
  A salamander (Depths:2)
  A manticore (Elf:2)
  3 bloated husks (Swamp:4)
  A tyrant leech (Swamp:1)
  A fire elemental (Elf:2)
  2 water elementals (Depths:2)
  6 hydra simulacra (Depths:2)
  2 swamp drakes (Swamp:4)
  A wolf (Lair:5)
  2 orcs (Orc:2)
  A butterfly (Depths:3)
  10 foxfires
  7 starspawn tentacles (Abyss:3)
40 creatures vanquished.

Grand Total: 1652 creatures vanquished

Notes
Turn   | Place    | Note
-------+----------+-------------------------------------------
     0 | D:1      | Tovical the Gargoyle Fighter began the quest for the Orb.
     0 | D:1      | Reached XP level 1. HP: 14/14 MP: 1/1
    94 | D:1      | Reached XP level 2. HP: 19/19 MP: 2/2
   439 | D:1      | Reached XP level 3. HP: 23/23 MP: 3/3
   925 | D:2      | Noticed Jessica
   938 | D:2      | Killed Jessica
   939 | D:2      | Reached XP level 4. HP: 22/28 MP: 4/4
   976 | D:2      | Found an ornate altar of the Wu Jian Council.
  1073 | D:2      | Found Hiumnuts's Magic Scroll Shop.
  1462 | D:3      | Reached skill level 5 in Maces & Flails
  1465 | D:3      | Reached XP level 5. HP: 32/32 MP: 5/5
  1733 | D:4      | Noticed a phantom
  1749 | D:3      | Killed a phantom
  1963 | D:4      | Reached XP level 6. HP: 33/37 MP: 6/6
  2037 | D:5      | Entered Level 5 of the Dungeon
  2410 | D:4      | Reached XP level 7. HP: 41/41 MP: 7/7
  2952 | D:5      | Reached XP level 8. HP: 44/46 MP: 8/8
  2958 | D:5      | You fall into a shaft and drop 2 floors!
  3202 | D:7      | Reached skill level 10 in Maces & Flails
  3210 | D:7      | Noticed a boulder beetle
  3237 | D:7      | Noticed a cyclops
  3239 | D:7      | Killed a boulder beetle
  3240 | D:7      | Reached XP level 9. HP: 48/51 MP: 9/9
  3268 | D:7      | Killed a cyclops
  3435 | D:7      | Found a runed translucent door.
  3438 | D:7      | Noticed a two-headed ogre
  3575 | D:7      | Found a staircase to the Ecumenical Temple.
  3591 | Temple   | Entered the Ecumenical Temple
  3614 | Temple   | Became a worshipper of Warmaster Okawaru
  3668 | D:7      | Found Hoemoig's Lightly-Used Armoury.
  4425 | D:7      | Killed a two-headed ogre
  4425 | D:7      | Reached * piety under Okawaru
  4519 | D:7      | Reached XP level 10. HP: 51/56 MP: 10/10
  4708 | D:7      | Noticed an unseen horror
  4730 | D:7      | Killed an unseen horror
  4770 | D:7      | Noticed an unseen horror
  4784 | D:7      | Noticed a two-headed ogre
  4805 | D:7      | Killed a two-headed ogre
  4805 | D:7      | Reached ** piety under Okawaru
  4872 | D:7      | Killed an unseen horror
  4873 | D:7      | Reached skill level 15 in Maces & Flails
  4976 | D:7      | Identified the ring "Evutib" {^Drain +Blink rPois Int+2}
  5160 | D:6      | Noticed a two-headed ogre
  5169 | D:6      | Killed a two-headed ogre
  5169 | D:6      | Reached *** piety under Okawaru
  5911 | D:6      | Noticed Blork the orc
  5921 | D:6      | Killed Blork the orc
  6317 | D:8      | Reached skill level 1 in Invocations
  6317 | D:8      | Reached XP level 11. HP: 53/60 MP: 11/11
  6421 | D:8      | Reached **** piety under Okawaru
  6977 | D:9      | Found a staircase to the Orcish Mines.
  7387 | D:8      | Found a runed translucent gate.
  7387 | D:8      | Found a runed translucent gate.
  7387 | D:8      | Found a runed translucent gate.
  7387 | D:8      | Noticed tymior's ghost (novice KoEn)
  7612 | D:8      | Found a glowing silver altar of Zin.
  7972 | Orc:1    | Entered Level 1 of the Orcish Mines
  8198 | Orc:1    | Found Sutur's Antique Weapon Emporium.
  8217 | Orc:2    | Entered Level 2 of the Orcish Mines
  8470 | Orc:1    | Bought a fine morningstar for 297 gold pieces
  8470 | Orc:1    | Identified the +10 morningstar of Floods {heavy, rC+ Int+3
                  | Dex+4} (You bought it in a shop on level 1 of the Orcish
                  | Mines)
  8490 | Orc:1    | Noticed an orc knight
  8663 | D:9      | Killed an orc knight
  8664 | D:9      | Reached skill level 5 in Fighting
  8664 | D:9      | Reached skill level 5 in Armour
  8664 | D:9      | Reached skill level 5 in Shields
  9010 | Orc:1    | Noticed a two-headed ogre
  9016 | Orc:1    | Found a runed translucent gate.
  9121 | Orc:1    | Killed a two-headed ogre
  9226 | Orc:1    | Found a runed translucent gate.
  9227 | Orc:1    | Found a runed translucent gate.
  9228 | Orc:1    | Found an opulent altar of Gozag.
  9228 | Orc:1    | Noticed an obsidian statue
  9229 | Orc:1    | Noticed kftrendy's ghost (journeyman VSBe)
  9232 | Orc:1    | Noticed an orc high priest
  9665 | D:9      | Noticed a two-headed ogre
  9673 | D:9      | Killed a two-headed ogre
  9703 | D:9      | Reached ***** piety under Okawaru
  9704 | D:9      | Reached skill level 5 in Invocations
  9894 | D:10     | Entered Level 10 of the Dungeon
  9925 | D:9      | Reached XP level 12. HP: 71/71 MP: 15/15
  9937 | D:9      | Found a staircase to the Lair.
 10005 | D:9      | Noticed a two-headed ogre
 10010 | D:9      | Killed a two-headed ogre
 10397 | D:9      | Received a gift from Okawaru
 10459 | D:9      | Found an ornate altar of the Wu Jian Council.
 10626 | Lair:1   | Entered Level 1 of the Lair of Beasts
 10627 | Lair:1   | Noticed a catoblepas
 10635 | Lair:1   | Killed a catoblepas
 10938 | Lair:1   | Received a gift from Okawaru
 11921 | Lair:2   | Noticed a death yak
 11923 | Lair:2   | Noticed a death yak
 11937 | Lair:2   | Killed a death yak
 11938 | Lair:2   | Killed a death yak
 11939 | Lair:2   | Noticed a death yak
 11939 | Lair:2   | Noticed a death yak
 11939 | Lair:2   | Noticed a death yak
 11953 | Lair:1   | Killed a death yak
 12128 | Lair:2   | Reached XP level 13. HP: 79/79 MP: 18/18
 12338 | Lair:2   | Found a hole to the Spider Nest.
 12573 | Lair:2   | HP: 3/80 [wolf (12)]
 12910 | Lair:2   | Found a staircase to the Swamp.
 13013 | Lair:2   | Received a gift from Okawaru
 13037 | Lair:3   | Noticed Sonja
 13042 | Lair:2   | Killed Sonja
 13402 | Lair:3   | Noticed Nessos
 13412 | Lair:3   | Killed Nessos
 13601 | Lair:3   | You fall into a shaft and drop 2 floors!
 13601 | Lair:5   | Entered Level 5 of the Lair of Beasts
 13736 | Lair:4   | Found a viscous altar of Jiyva.
 13737 | Lair:4   | Found a staircase to the Slime Pits.
 14012 | Lair:4   | Reached skill level 10 in Fighting
 14014 | Lair:4   | Received a gift from Okawaru
 14015 | Lair:4   | Reached skill level 10 in Shields
 14167 | Lair:4   | Reached skill level 10 in Armour
 14343 | Lair:4   | Noticed a quicksilver ooze
 14360 | Lair:4   | Killed a quicksilver ooze
 15383 | Lair:3   | Gained mutation: Your large and strong wings let you fly.
                  | [Gargoyle growth]
 15383 | Lair:3   | Reached XP level 14. HP: 64/88 MP: 21/21
 15389 | Lair:3   | Received a gift from Okawaru
 15865 | Lair:3   | Reached skill level 10 in Invocations
 17354 | Lair:5   | Reached ****** piety under Okawaru
 17360 | Lair:5   | Acquired a +1 eveningstar of holy wrath
 17360 | Lair:5   | Received a gift from Okawaru
 17364 | Lair:5   | Acquired the +14 plate armour "Gataet" {+Inv}
 17364 | Lair:5   | Received a gift from Okawaru
 17387 | Lair:5   | Received a gift from Okawaru
 17920 | Lair:5   | Received a gift from Okawaru
 18086 | Lair:5   | Reached XP level 15. HP: 74/92 MP: 23/23
 19238 | Orc:2    | Paralysed by an orc sorcerer for 2 turns
 19658 | Orc:2    | Received a gift from Okawaru
 19798 | Orc:2    | Found Ristoew's General Store.
 19798 | Orc:2    | Found Zugheo Hepn's Armour Shop.
 20219 | Orc:1    | Noticed an orc warlord
 20228 | Orc:1    | Killed an orc warlord
 20376 | Orc:2    | Found a staircase to the Elven Halls.
 20598 | Orc:2    | Found Coetz's Antique Weapon Boutique.
 21180 | D:10     | Received a gift from Okawaru
 21523 | D:10     | Found a portal to a secret trove of treasure.
 22042 | D:12     | Noticed Jorgrun
 22130 | D:11     | Identified a scroll of acquirement
 22130 | D:11     | Acquired a manual of Ranged Weapons
 22598 | D:11     | Identified the +0 robe of Fuos {rPois rF+ Str-5}
 23021 | D:12     | Killed Jorgrun
 23022 | D:12     | Reached XP level 16. HP: 104/104 MP: 18/25
 23150 | D:12     | Found a transporter.
 23151 | D:12     | Noticed Maina's ghost (journeyman GrFi)
 23152 | D:12     | Found a transporter.
 23177 | D:12     | Killed Maina's ghost
 24278 | D:13     | Identified the +0 ring mail "Mufaj" {rF+}
 24749 | D:13     | Received a gift from Okawaru
 25384 | D:14     | Received a gift from Okawaru
 25440 | D:14     | Found a sparkling altar of Nemelex Xobeh.
 25768 | D:14     | Reached skill level 15 in Fighting
 25873 | D:14     | Found a gate to the Vaults.
 25903 | D:14     | Identified the +1 leather armour of Dirib {rF- rCorr Int+7}
 25943 | D:15     | Entered Level 15 of the Dungeon
 26091 | D:14     | Noticed Snorg
 26101 | D:14     | Killed Snorg
 26651 | D:15     | Received a gift from Okawaru
 26652 | D:15     | Reached XP level 17. HP: 96/115 MP: 27/27
 26897 | D:15     | Found a staircase to the Depths.
 26956 | D:15     | Found a broken altar of Ashenzari.
 27225 | Depths:1 | Entered Level 1 of the Depths
 27302 | Depths:1 | Found a gateway to Hell.
 27736 | Spider:1 | Entered Level 1 of the Spider Nest
 27967 | Spider:1 | Received a gift from Okawaru
 28717 | Spider:1 | Noticed Kirke
 28728 | Spider:1 | Killed Kirke
 28820 | Spider:1 | Received a gift from Okawaru
 29685 | Spider:2 | Noticed Arachne
 29708 | Arena    | Entered the Arena
 29721 | Arena    | Killed Arachne
 29871 | Spider:2 | Acquired a manual of Conjurations
 30020 | Spider:2 | Found the ring of the Hare {EV+10}
 30245 | Spider:4 | Entered Level 4 of the Spider Nest
 30370 | Spider:3 | Received a gift from Okawaru
 30382 | Spider:3 | Identified the +12 hand axe of Immorality {heavy, Dex+2}
 30579 | Spider:3 | Reached XP level 18. HP: 122/125 MP: 28/28
 31655 | Spider:3 | Received a gift from Okawaru
 32650 | Spider:4 | Got a gossamer rune of Zot
 33825 | Swamp:1  | Entered Level 1 of the Swamp
 33942 | Lair:2   | Learned a level 3 spell: Passwall
 33946 | Lair:2   | Learned a level 3 spell: Stone Arrow
 34299 | Swamp:1  | Noticed Roxanne
 34311 | Swamp:1  | Noticed Frances
 34336 | Swamp:1  | Killed Frances
 34363 | Swamp:1  | Received a gift from Okawaru
 34516 | Swamp:1  | Reached XP level 19. HP: 134/134 MP: 29/29
 35238 | Swamp:4  | Entered Level 4 of the Swamp
 35663 | Swamp:4  | Received a gift from Okawaru
 35936 | Swamp:4  | Found a glacial archway.
 35953 | IceCv    | Entered an ice cave
 35968 | IceCv    | Reached skill level 15 in Shields
 35976 | IceCv    | Reached skill level 15 in Armour
 36012 | IceCv    | Found a transporter.
 36030 | IceCv    | Found a transporter.
 36233 | Swamp:4  | Reached skill level 1 in Dodging
 36465 | Swamp:4  | Noticed the 27-headed Lernaean hydra
 36475 | Swamp:4  | Killed the 27-headed Lernaean hydra
 36475 | Swamp:4  | Received a gift from Okawaru
 36655 | Swamp:4  | Got a decaying rune of Zot
 36883 | Swamp:4  | Identified the +6 chain mail "Hacs" {Harm *Corrode rPois
                  | Int-5}
 37338 | Elf:1    | Entered Level 1 of the Elven Halls
 37588 | Elf:1    | Reached skill level 5 in Dodging
 37632 | Elf:1    | Got the Catalogue of United Trauma
 37820 | Elf:1    | Noticed Azrael
 37825 | Arena    | Entered the Arena
 37830 | Arena    | Killed Azrael
 37909 | Elf:1    | Identified the serpent talisman of Limited Liability {Will+
                  | rCorr Dex-4 SInv}
 37909 | Elf:1    | Noticed Aizul
 37915 | Elf:1    | Killed Aizul
 38286 | Elf:1    | Reached XP level 20. HP: 117/140 MP: 30/30
 38351 | Elf:2    | Received a gift from Okawaru
 38362 | Elf:3    | Entered Level 3 of the Elven Halls
 38402 | Elf:1    | Found a radiant altar of Vehumet.
 38629 | Elf:1    | Paralysed by a sphinx for 2 turns
 38843 | Elf:1    | Reached skill level 1 in Conjurations
 38856 | Elf:2    | Reached skill level 1 in Earth Magic
 38954 | Elf:2    | Reached skill level 1 in Spellcasting
 39135 | Elf:2    | Found a runed translucent gate.
 39135 | Elf:2    | Found a runed translucent gate.
 39135 | Elf:2    | Found a runed translucent gate.
 39330 | Elf:2    | Reached skill level 5 in Conjurations
 39441 | Elf:2    | Reached skill level 5 in Earth Magic
 39478 | Elf:2    | Received a gift from Okawaru
 39823 | Elf:3    | Paralysed by an air elemental for 1 turns
 39950 | Elf:3    | Reached skill level 5 in Spellcasting
 39961 | Elf:3    | Received a gift from Okawaru
 39988 | Elf:3    | Identified the ring of Iloacyam {rC+ rN+ Str+2 Slay+3}
 40028 | Elf:3    | Reached XP level 21. HP: 146/146 MP: 31/31
 40037 | Elf:3    | Identified the +6 demon whip of Mefoubluroo {drain, Fly
                  | rPois Will+ Str-4}
 40064 | Abyss:3  | Cast into level 3 of the Abyss (a deep elf demonologist)
 40208 | Abyss:3  | Found a corrupted altar of Lugonu.
 40237 | Abyss:3  | Noticed a bone dragon
 40246 | Abyss:3  | Reached skill level 10 in Conjurations
 40267 | Abyss:3  | Killed a bone dragon
 40410 | Abyss:3  | Found a corrupted altar of Lugonu.
 40707 | Elf:3    | Escaped the Abyss
 40770 | Elf:3    | Paralysed by an air elemental for 1 turns
 41008 | Elf:3    | Identified the +0 helmet of Gozag's Benevolence {*Corrode
                  | rElec rF++ Str+3}
 41136 | Elf:3    | Noticed Saint Roka
 41164 | Elf:3    | Killed Saint Roka
 41263 | Elf:3    | Paralysed by an air elemental for 1 turns
 41330 | Elf:3    | Learned a level 4 spell: Brom's Barrelling Boulder
 41507 | Elf:3    | Identified the staff of Disharmony {rPois Will- rCorr Str-2
                  | Earth}
 41518 | Elf:3    | Identified the staff of Corpus Delicti {Dex+4 Conj}
 41599 | Elf:3    | Identified the +1 mace of Discord {drain, *Slow Str+3
                  | Int+3}
 41685 | Elf:3    | Found Anunapn's Magic Scroll Shop.
 41693 | Elf:3    | Bought 2 scrolls of teleportation for 126 gold pieces
 41693 | Elf:3    | Bought a scroll of fear for 84 gold pieces
 41693 | Elf:3    | Bought a scroll of enchant armour for 157 gold pieces
 42057 | D:8      | Killed tymior's ghost
 42161 | Orc:1    | Killed kftrendy's ghost
 42435 | D:2      | Bought a scroll of revelation for 75 gold pieces
 42435 | D:2      | Bought a scroll of blinking for 75 gold pieces
 42794 | Orc:2    | Bought a scroll of fear for 48 gold pieces
 42794 | Orc:2    | Bought a scroll of fear for 48 gold pieces
 42794 | Orc:2    | Bought a scroll of teleportation for 36 gold pieces
 43003 | D:15     | Received a gift from Okawaru
 43054 | Depths:1 | Reached skill level 10 in Earth Magic
 43359 | Depths:1 | Found Coerhucw's Vocational Training.
 43369 | Depths:1 | Bought a manual of Invocations for 1120 gold pieces
 43673 | Depths:1 | Found a one-way gate to the infinite horrors of the Abyss.
 44033 | D:8      | Fell from the grace of Okawaru
 44033 | D:8      | Became a worshipper of Zin the Law-Giver
 44033 | D:8      | Reached * piety under Zin
 44033 | D:8      | Reached ** piety under Zin
 44034 | D:8      | Donated 1279 gold pieces to Zin
 44076 | D:8      | Reached *** piety under Zin
 44186 | D:15     | Reached **** piety under Zin
 45456 | Depths:2 | Reached XP level 22. HP: 141/152 MP: 34/34
 45690 | Depths:2 | Noticed a juggernaut
 45781 | Depths:2 | Killed a juggernaut
 45795 | Depths:2 | Learned a level 5 spell: Lee's Rapid Deconstruction
 45820 | Depths:2 | Reached skill level 15 in Invocations
 45868 | Depths:2 | Reached ***** piety under Zin
 46046 | Depths:3 | Found a white marble altar of Elyvilon.
 46060 | Depths:4 | Entered Level 4 of the Depths
 46523 | D:10     | You paid a toll of 8 potions of haste to enter a treasure
                  | trove
 46524 | Trove    | Entered a treasure trove
 46543 | Trove    | Identified the scarf of Conscience {+Inv, *Slow rPois rC-
                  | Dex+7}
 46550 | Trove    | Identified the +1 hat of Wotwauxa {+Inv rPois rF-}
 46551 | Trove    | Identified the +1 helmet of Leapfrog {Regen+ Str-5 Int+4}
 46809 | Depths:3 | Found a one-way gate leading to the halls of Pandemonium.
 46953 | Depths:3 | Identified the +1 plate armour of Taotelot {Regen+ Str+8
                  | SInv Stlth-}
 47091 | Depths:3 | Noticed a caustic shrike
 47099 | Depths:3 | Killed a caustic shrike
 47104 | Depths:3 | Noticed a juggernaut
 47127 | Depths:3 | Killed a juggernaut
 47144 | Depths:3 | Reached skill level 15 in Conjurations
 47337 | Depths:3 | HP: 2/152 [deep elf master archer/arrow[the fury of
                  | Okawaru] (31)]
 47339 | Depths:3 | Shot with an arrow by a deep elf master archer

Illustrated notes

Levels and vault maps discovered:
D:1:      minmay_arrival_semitransparent, layout_basic,
          minmay_misc_feat_more_columns
D:2:      layout_rooms, basic_altar, serial_shops, shop, uniq_jessica
D:3:      layout_loops_cross, chequers_serial_rivers_marsh
D:4:      layout_basic
D:5:      layout_loops_corners
D:6:      layout_basic, lightli_orcish_oven, uniq_blork_the_orc
D:7:      minmay_the_grid_triangle_9x9_rhombus_full
          [minmay_the_grid_triangle_9x9_corrupted_corridor,
          minmay_the_grid_triangle_9x9_zippers_horizontal,
          minmay_the_grid_triangle_9x9_subtriangle,
          minmay_the_grid_triangle_9x9_warning,
          minmay_the_grid_triangle_9x9_stretched_checkered,
          minmay_the_grid_triangle_9x9_pentomino_pain,
          minmay_the_grid_triangle_9x9_cache,
          minmay_the_grid_triangle_9x9_prize_top_heavy], layout_basic,
          minmay_temple_entry_large_hall, minmay_shop_damaged,
          nrook_mini_backslash
D:8:      nicolae_whirlpool, layout_basic, mainiacjoe_overflow_alcove_2,
          ebering_ghost_rock_garden, hangedman_decor_clover_reticule
D:9:      layout_roguey, nicolae_overflow_crystal_walls,
          due_lair_maze_entry_diamond, orc_0_dummy, serial_corexii_hall,
          corexii_hall_statues_l, corexii_hall_statues_i,
          hangedman_abyss_or_decor_stabs
D:10:     layout_long_grid, nicolae_trove_entry_free_sample, enter_bailey_2
D:11:     layout_irregular_city, kennysheep_small_circle
D:12:     layout_loops_ring, special_room [special_room_orc],
          gammafunk_ghost_smash, minmay_tree_intersection, argonaut_gorgonesque,
          uniq_jorgrun
D:13:     nicolae_hexawheel, layout_rooms
D:14:     layout_loops_ring, hangedman_vaults_entry_quadrant_bands,
          nemelex_xobeh_ov_fountains_minmay, grunt_ministairs_6, minivault_16,
          uniq_snorg
D:15:     hangedman_depths_entry_try_elsewhere_first, layout_irregular_city,
          nicolae_ashenzari_skybound
Temple:   mainiacjoe_temple_big_plus
Lair:1:   layout_loops_ring, minivault_26, chequers_serial_rivers_room_a,
          eino_small_chamber_without_monster
Lair:2:   layout_misc_corridors, mainiacjoe_swamp_entry_angry_trees,
          nicolae_spider_entry_lesser_pyramids, dreamdust_mushroom_princess,
          beast_lair_carwin_1, infiniplex_staircase_pool_2
Lair:3:   layout_regular_city, uniq_sonja, uniq_nessos
Lair:4:   layout_misc_corridors, nicolae_slime_entry_field_trip,
          minmay_lair_oklob_bushes, nicolae_lair_time_for_slime
Lair:5:   wormcave, layout_cave_shapes, hangedman_lair_caniforms_friends
Swamp:1:  layout_falls_marsh, evilmike_swamp_ruin_house_2,
          nicolae_swamp_decorative_isthmus, uniq_roxanne, uniq_frances
Swamp:2:  layout_falls_marsh, hangedman_swamp_cone
Swamp:3:  layout_falls_marsh, nicolae_swamp_ascending_descending
Swamp:4:  swamp_old_school, layout_basic_swamp,
          portal_ice_cave_entry_frozen_things, swamp_pool_1_2,
          nicolae_swamp_nymph_family_reunion
Spider:1: layout_chambers, uniq_kirke
Spider:2: layout_spider_delve, uniq_arachne
Spider:3: layout_spider_delve
Spider:4: hellmonk_spider_rune_bug_friends
Orc:1:    layout_diamond_mine, serial_shops, nicolae_shop_stone,
          ebering_ghost_gozag, nicolae_orc_tapped_out
Orc:2:    st_orc_town, layout_caves, nicolae_orc_lost_temple
Elf:1:    layout_geoelf_octagon, serial_sigils, serial_sigils_hangedman_writhe,
          serial_sigils_hangedman_leer, serial_sigils_hangedman_gut,
          serial_sigils_hangedman_gut, serial_sigils_hangedman_quiver,
          minmay_elf_sorcery, lemuel_upstairs_altar, uniq_azrael, uniq_aizul
Elf:2:    nicolae_elf_blades_splatter_lattice
          [nicolae_blade_entry_hurt_lockers], layout_gridlike, special_room
          [special_room_mythical_zoo], drop_trap
Elf:3:    grunt_elf_hall_diamonds, layout_loops_cross, serial_shops,
          nicolae_shop_statue_plus, corexii_leaking_fountain,
          minmay_misc_feat_pillars, library_closet, uniq_saint_roka
Depths:1: layout_honeycomb, nicolae_BIG_FREAKIN_CUBE, lightli_too_deep,
          abyss_entry, nicolae_shop_vocational
Depths:2: cheibrodos_hall_of_evolution, layout_cave_shapes, hell_entry,
          pan_entry, serial_bayou_pond_a, uniq_mara
Depths:3: cheibrodos_salmonella, layout_cave_shapes, rand_demon_pan_entry_7,
          nicolae_qazlal_style_of_elements, pf_hell_entry_tar_spiral,
          minmay_room_of_horrors, nicolae_elyvilon_peaceful_grove
Depths:4: grunt_zot_entry_alcove, layout_gridlike, enter_ziggurat_a,
          hellmouth_1, abyss_entry, grunt_dithmenos_smoke_and_mirrors,
          amcnicky_mini_corridor_feature

Skill      XL: |  1  2  3  4  5  6  7  8  9 10 11 12 13 14 15 16 17 18 19 20 21 22 |
---------------+-------------------------------------------------------------------+-----
Maces & Flails | 3 4 5 6 7 9 11 13 16 17 19 20 | 20.0
Invocations    | 1 5 7 9 11 13 14 15 | 15.8
Fighting       | 6 8 10 12 13 16 18 19 20 | 20.0
Armour         | 6 8 10 11 13 14 15 | 15.0
Shields        | 6 8 10 12 13 14 15 | 15.0
Dodging        | 6 8 |  8.3
Conjurations   | 9 14 15 | 15.1
Earth Magic    | 7 11 | 11.9
Spellcasting   | 5 8 9 |  9.3

Action                     |  1- 3 |  4- 6 |  7- 9 | 10-12 | 13-15 | 16-18 | 19-21 | 22-24 || total
---------------------------+-------+-------+-------+-------+-------+-------+-------+-------++-------
  Melee: Flail             |   116 |    42 |       |       |       |       |       |       ||   158
         Morningstar       |       |    99 |   153 |   399 |   977 |  1221 |  1287 |   238 ||  4374
         Whip              |       |       |       |   133 |       |       |       |       ||   133
         Mace              |       |       |       |    56 |       |       |       |       ||    56
         Dire flail        |       |       |       |       |       |    14 |   262 |       ||   276
  Throw: Dart              |       |     1 |     8 |    10 |     5 |    16 |     3 |       ||    43
         Throwing net      |       |       |     2 |       |     1 |       |       |       ||     3
         Javelin           |       |       |       |       |       |       |     3 |       ||     3
   Cast: Stone Arrow       |       |       |       |       |       |       |     3 |       ||     3
         Brom's Barrelling |       |       |       |       |       |       |     1 |       ||     1
 Invoke: Heroism           |       |       |       |     5 |    12 |    17 |    18 |       ||    52
         Finesse           |       |       |       |       |     5 |     4 |     6 |       ||    15
         Receive Weapon    |       |       |       |       |     1 |       |       |       ||     1
         Receive Armour    |       |       |       |       |     1 |       |       |       ||     1
         Duel              |       |       |       |       |       |     1 |     1 |       ||     2
         Recite            |       |       |       |       |       |       |     5 |     7 ||    12
         Donate Gold       |       |       |       |       |       |       |     1 |       ||     1
         Vitalisation      |       |       |       |       |       |       |       |     4 ||     4
  Evoke: Wand              |       |       |     6 |     2 |     3 |       |     1 |       ||    12
    Use: Scroll            |       |       |    13 |     4 |     9 |    11 |    12 |     1 ||    50
         Potion            |       |       |     2 |     4 |     4 |     3 |     5 |     1 ||    19
   Stab: Invisible         |       |     1 |       |     3 |     2 |       |     1 |       ||     7
         Held in net/web   |       |       |     1 |       |       |       |       |       ||     1
 Armour: Scale mail        |    93 |    85 |   101 |   155 |       |       |       |       ||   434
         Plate armour      |       |       |       |   214 |   971 |  1369 |  1520 |   278 ||  4352
  Dodge: Dodged            |    77 |    54 |    65 |   282 |   509 |   384 |   848 |    78 ||  2297
  Block: Buckler           |    29 |    31 |    27 |   111 |   429 |       |       |       ||   627
         Kite shield       |       |       |       |       |    11 |  1041 |  1098 |   213 ||  2363
         Reflection        |       |       |       |       |       |    33 |    61 |    14 ||   108
